 Dungeon Crawl Stone Soup version 0.31-a0-1074-g0b22e4e0f1 (webtiles) character file.

Game seed: 12394054784681424905

219 IdlyInterested the Trooper (level 5, -4/42 HPs)
             Began as a Demonspawn Artificer on Nov 29, 2023.
             Slain by a gnoll
             ... wielding a +0 whip
              (6 damage)
             ... on level 3 of the Dungeon.
             The game lasted 00:09:17 (3071 turns).

IdlyInterested the Trooper (Demonspawn Artificer)   Turns: 3071, Time: 00:09:18

Health: -4/42      AC:  3    Str: 15    XL:     5   Next: 63%
Magic:  5/5        EV:  9    Int: 12    God:
Gold:   161        SH:  0    Dex: 13    Spells: 4/4 levels left

rFire   . . .        l - +0 morningstar
rCold   . . .        (no shield)
rNeg    . . .        k - +0 scale mail
rPois   +            (no helmet)
rElec   .            (no cloak)
rCorr   .            (no gloves)
SInv    .            (no boots)
Will    .....        (no amulet) Stlth
                     f - ring of poison resistance
HPRegen 0.27/turn    u - ring of wizardry
MPRegen 0.09/turn

%: wizardry (x1)
@: no status effects
A: demonic magic 1, demonic touch 1, deformed body
a: no special abilities


You were on level 3 of the Dungeon.
You visited 1 branch of the dungeon, and saw 3 of its levels.

You collected 161 gold pieces.

Inventory:

Hand Weapons
 b - a +0 vampiric dagger
 g - a +0 short sword
 l - a +0 morningstar (weapon)
 q - a +0 short sword
 s - a +0 antimagic dagger
Missiles
 a - 4 darts of dispersal
 i - 12 poisoned darts (quivered)
 j - 4 boomerangs
 r - a throwing net
Armour
 k - a +0 scale mail (worn)
 n - a +0 leather armour
Magical Staves
 h - a staff of death
Jewellery
 f - a ring of poison resistance (left hand)
 u - a ring of wizardry (right hand)
Wands
 c - a wand of flame (15)
 d - a wand of charming (12)
 e - a wand of iceblast (5)
Scrolls
 m - a scroll of noise
 o - a scroll of vulnerability
 p - a scroll of teleportation
 v - a scroll of fear {unknown}
 w - a scroll of identify
Potions
 t - a potion of lignification {unknown}


   Skills:
 - Level 4.0 Fighting
 * Level 2.5 Short Blades
 - Level 1.0 Throwing
 - Level 2.0 Armour
 - Level 1.0 Dodging
 - Level 1.0 Stealth
 + Level 3.4 Evocations


You had 4 spell levels left.
You didn't know any spells.
Your spell library contained the following spells:

 Spells                   Type           Power      Damage    Failure   Level
 Vhi's Electric Charge    Tloc/Air       0%         N/A       99%         4
 Arcjolt                  Conj/Air       0%         1d10      100%        5
 Plasma Beam              Fire/Air       0%         2x1d10    100%        6


Dungeon Overview and Level Annotations

Branches:
Dungeon (3/15)

Altars:


Innate Abilities, Weirdness & Mutations

Spells you cast may paralyse adjacent enemies.
Your touch may inflict minor irresistible damage on your foes.
Armour fits poorly on your strangely shaped body.


Message History

You hit the hobgoblin.
You touch the hobgoblin.
You kill the hobgoblin!
Aiming: Charm
Press: ? - help, Shift-Dir - straight line, f - gnoll
Aim: a gnoll, wielding a +0 club (chance to affect: 67%)
The gnoll struggles to resist.
The gnoll hits you with a +0 club.
Aiming: Charm
Press: ? - help, Shift-Dir - straight line, f/p - gnoll
Aim: a gnoll, wielding a +0 club (chance to affect: 67%)
The gnoll is charmed.
The gnoll throws a throwing net.
The throwing net hits your gnoll.
Your gnoll is caught in the net!
Your gnoll struggles against the net.
A goblin comes into view. It is wielding a +0 club.
Something hits your gnoll.
The goblin shoots a sling bullet.
The sling bullet hits your gnoll.
The gnoll hits your gnoll with a +0 whip.
Your gnoll struggles against the net.
Something hits your gnoll!
Your gnoll dies!
The goblin shoots a sling bullet.
The sling bullet barely misses you.
A kobold comes into view. It is wielding a +0 dagger.
The kobold shouts!
You hear a shout!
The gnoll barely misses you.
A kobold comes into view. It is wielding a +0 dagger.
The hobgoblin hits you with a +0 club.
* * * LOW HITPOINT WARNING * * *
The goblin unwields a +0 sling.
The goblin hits you.
* * * LOW HITPOINT WARNING * * *
There is an open door, spattered with blood here.
Items here: $ ( ) †.
You hit the gnoll.
The gnoll is moderately wounded.
The gnoll hits you with a +0 whip.
* * * LOW HITPOINT WARNING * * *
The hobgoblin hits you with a +0 club.
* * * LOW HITPOINT WARNING * * *
The goblin hits you.
* * * LOW HITPOINT WARNING * * *
The gnoll hits you with a +0 whip.
You die...

~~~~~≈~~~~~~~~≈~~≈≈≈~≈~~~~≈≈~~~~~
≈~≈≈≈≈≈≈≈≈≈≈≈~~≈≈≈≈≈≈≈≈≈≈≈~≈≈~≈~.
≈≈≈#####≈≈≈≈≈≈≈≈≈≈≈≈≈≈≈≈≈≈≈≈≈≈≈~~
≈≈≈# ##########################
≈≈≈# #......## ##.....#.......#
≈≈≈ #.......###......'.......# '
#......Kg#.......#########
.........gg#.............)#.
.....K...gg@)...........))).
.[.......gg#.............)#.
'##........#.......#########
#.......###......'.......#
#......## ##.....#.......#
######## ###############


You could see a gnoll, 2 hobgoblins, 4 goblins and 2 kobolds.

Vanquished Creatures
  A hound (D:3)
  An orc wizard (D:3)
  2 gnolls (D:3)
  3 adders
  3 worms (D:3)
  3 dart slugs
  6 orcs
  4 endoplasms
  2 giant cockroaches (D:1)
  16 goblins
  17 hobgoblins
  2 jackals (D:1)
  2 quokkas (D:2)
  5 ball pythons
  4 bats
  8 frilled lizards
  3 kobolds
  7 rats
89 creatures vanquished.

Vanquished Creatures (collateral kills)
  A hobgoblin (D:3)
1 creature vanquished.

Vanquished Creatures (others)
  2 gnolls (D:3)
2 creatures vanquished.

Grand Total: 92 creatures vanquished

Notes
Turn   | Place    | Note
-------+----------+-------------------------------------------
     0 | D:1      | IdlyInterested the Demonspawn Artificer began the quest for
                  | the Orb.
     0 | D:1      | Reached XP level 1. HP: 15/15 MP: 1/1
   257 | D:1      | Gained mutation: Your touch may inflict minor irresistible
                  | damage on your foes. [demonic ancestry]
   257 | D:1      | Reached XP level 2. HP: 18/22 MP: 2/2
   260 | D:1      | Reached skill level 1 in Dodging
   369 | D:1      | Reached skill level 2 in Fighting
   381 | D:1      | Reached skill level 1 in Stealth
   960 | D:2      | Found a faded altar of an unknown god.
   999 | D:2      | Reached XP level 3. HP: 28/28 MP: 3/3
  1085 | D:2      | Reached skill level 3 in Fighting
  1829 | D:3      | Gained mutation: Spells you cast may paralyse adjacent
                  | enemies. [demonic ancestry]
  1829 | D:3      | Reached XP level 4. HP: 37/37 MP: 4/4
  1919 | D:3      | Reached skill level 4 in Fighting
  1919 | D:3      | Reached skill level 1 in Throwing
  2045 | D:3      | Reached skill level 1 in Short Blades
  2451 | D:3      | Reached XP level 5. HP: 38/42 MP: 5/5
  2845 | D:3      | Gained mutation: Armour fits poorly on your strangely
                  | shaped body. [potion of mutation]
  3071 | D:3      | HP: 2/42 [goblin (1)]
  3071 | D:3      | Slain by a gnoll

Illustrated notes

Levels and vault maps discovered:
D:1:      erik_arrival_blinker_ship, layout_loops_ring
D:2:      layout_basic, ebering_ecumenical_altar_box
D:3:      minmay_goblin_kobold_castle, layout_basic, serial_curves,
          eino_curves_02, eino_curves_02

Skill      XL: |  1  2  3  4  5 |
---------------+----------------+-----
Armour         | 2 |  2.0
Dodging        | 1 |  1.0
Fighting       | 2 3 4 |  4.0
Stealth        | 1 |  1.0
Throwing       | 1 |  1.0
Short Blades   | 1 2 |  2.5
Evocations     | |  3.4

Action                     |  1- 3 |  4- 6 || total
---------------------------+-------+-------++-------
  Melee: Club              |    23 |       ||    23
         Short sword       |    19 |       ||    19
         Morningstar       |    76 |   122 ||   198
         Touch             |    17 |    16 ||    33
         Punch             |     1 |     1 ||     2
  Throw: Stone             |     3 |    21 ||    24
         Dart              |     3 |     4 ||     7
  Evoke: Wand              |       |     3 ||     3
    Use: Scroll            |     2 |     1 ||     3
         Potion            |       |     1 ||     1
   Stab: Sleeping          |     1 |       ||     1
 Armour: Leather armour    |    27 |       ||    27
         Scale mail        |    75 |   167 ||   242
  Dodge: Dodged            |    65 |    99 ||   164

Table legend: (Time is in decaauts)
 A = Elapsed time spent in this place.
 B = Non-inter-level travel time spent in this place.
 C = Inter-level travel time spent in this place.
 D = Time resting spent in this place.
 E = Time spent auto-exploring this place.
 F = Levels seen in this place.
 G = Mean time per level.
                   A        B        C        D        E       F      G
               +--------+--------+--------+--------+--------+-----+--------+
         Total |   3174 |   3019 |    155 |    694 |   1489 |   3 | 1058.0 |
       Dungeon |   3174 |   3019 |    155 |    694 |   1489 |   3 | 1058.0 |
               +--------+--------+--------+--------+--------+-----+--------+

Top non-repeatable levels by time:
     D:3: 1364 daAuts
     D:2: 941 daAuts
     D:1: 868 daAuts
